[Event "fics rated crazyhouse match"]
[Site "fics, Oklahoma City, OK USA"]
[Date "2000.01.21"]
[White "Gobi"]
[WhiteElo "2326"]
[Black "Igy"]
[BlackElo "2201"]
[TimeControl "60+0"]
[Result "1-0"]

1. e4 e6 2. Nc3 Nc6 3. d4 Bb4 4. Nf3 Nf6 5. Bd3 d5 6. exd5 
Nxd5 7. Bd2 Bxc3 8. bxc3 N@f4 9. Rg1 P@g6 10. B@g5 Nxd3+ 11. cxd3 B@e7 
12. P@h6 Nxc3 13. Bxc3 Bxg5 14. hxg7 Rg8 15. Nxg5 Qxg5 16. d5 P@d2+ 17. Bxd2 
Qe7 18. dxc6 bxc6 19. P@f6 Qxf6 20. N@e4 Qxg7 21. N@f6+ Kd8 22. Nxg8 P@e7 
23. P@f6 Qxg8 24. fxe7+ Kxe7 25. Bg5+ Kf8 26. B@h6+ P@g7 27. P@e7+ Ke8 28. R@d8# 
{Igy checkmated} 1-0

[Event "fics rated crazyhouse match"]
[Site "fics, Oklahoma City, OK USA"]
[Date "2000.01.21"]
[White "Igy"]
[WhiteElo "2196"]
[Black "Gobi"]
[BlackElo "2331"]
[TimeControl "60+0"]
[Result "0-1"]

1. e3 d5 2. Nc3 Nf6 3. Nf3 a6 4. Be2 Nc6 5. d3 e5 6. d4 
Bd6 7. dxe5 Bxe5 8. P@f4 Bxc3+ 9. bxc3 Ne4 10. B@d4 Nxd4 11. cxd4 B@c3+ 
12. Kf1 Bxa1 13. Ne5 Nxf2 14. Kxf2 N@e4+ 15. Kf1 P@h3 16. Bf3 R@f2+ 17. Kg1 
P@e2 18. Qe1 Rf1+ 19. Qxf1 exf1=Q+ 20. Kxf1 Q@f2# 
{Igy checkmated} 0-1

[Event "fics rated crazyhouse match"]
[Site "fics, Oklahoma City, OK USA"]
[Date "2000.01.21"]
[White "Gobi"]
[WhiteElo "2336"]
[Black "Igy"]
[BlackElo "2191"]
[TimeControl "60+0"]
[Result "1-0"]

1. e4 e6 2. Nf3 Nc6 3. d4 Nf6 4. Bg5 Bb4+ 5. Nbd2 h6 6. Bh4 
d6 7. Bd3 e5 8. c3 Ba5 9. d5 Nb8 10. Bxf6 Qxf6 11. Qa4+ Bd7 
12. Qxa5 B@b6 13. Qa3 O-O 14. N@c4 Na6 15. Nxb6 axb6 16. Bxa6 Rxa6 17. Qb3 
N@c5 18. Qc2 B@d3 19. Qd1 Nxe4 20. Nxe4 Bxe4 21. N@h5 Bxf3 22. Nxf6+ gxf6 
23. Qxf3 N@h5 24. Qxh5 N@d3+ 25. Kd2 N@f4 26. N@e7+ Kg7 27. Qxh6+ Kxh6 28. N@f5+ 
Bxf5 29. Nxf5+ Kg5 30. Q@g7+ Kxf5 31. B@g4+ Ke4 32. B@f3# 
{Igy checkmated} 1-0

[Event "fics rated crazyhouse match"]
[Site "fics, Oklahoma City, OK USA"]
[Date "2000.01.21"]
[White "Igy"]
[WhiteElo "2186"]
[Black "Gobi"]
[BlackElo "2341"]
[TimeControl "60+0"]
[Result "1-0"]

1. e3 Nc6 2. Nc3 e5 3. Nf3 Bb4 4. Nd5 Bd6 5. d3 Nge7 6. Nc3 
Ng6 7. e4 Bb4 8. Bd2 d6 9. h4 Nf4 10. Bxf4 exf4 11. Ng5 B@f6 
12. N@d5 h6 13. Nxb4 hxg5 14. Nxc6 bxc6 15. h5 Bd4 16. B@g1 Bxf2+ 17. Bxf2 
P@e3 18. B@g1 exf2+ 19. Bxf2 B@g4 20. Be2 Bxe2 21. Qxe2 B@g4 22. B@f3 Bxf3 
23. gxf3 N@g2+ 24. Kd1 N@e3+ 25. Kd2 B@d4 26. P@g6 fxg6 27. hxg6 Rxh1 28. P@f7+ 
Ke7 29. Rxh1 Nc4+ 30. dxc4 P@e3+ 31. Kc1 Bxc3 32. N@f5+ Bxf5 33. N@g8+ Kd7 
34. R@e7+ Qxe7 35. Nxe7 Kd8 36. Nxc6+ Kd7 37. Q@e8# 
{Gobi forfeits on time} 1-0

[Event "fics rated crazyhouse match"]
[Site "fics, Oklahoma City, OK USA"]
[Date "2000.01.21"]
[White "Gobi"]
[WhiteElo "2330"]
[Black "Igy"]
[BlackElo "2197"]
[TimeControl "60+0"]
[Result "1-0"]

1. Nc3 e6 2. g3 d5 3. Bg2 Nc6 4. d4 Nf6 5. Nf3 Bb4 6. Bd2 
Bxc3 7. Bxc3 Ne4 8. O-O N@a4 9. B@e1 a5 10. Ne5 Nxe5 11. dxe5 Nexc3 
12. Bxc3 Nxc3 13. bxc3 B@b2 14. N@h5 B@h6 15. N@g4 Qg5 16. e4 Bxc3 17. Nxh6 
Qxh5 18. Qxh5 P@g6 19. Qf3 dxe4 20. Qxf7+ Kd8 21. Q@e7# 
{Igy checkmated} 1-0

[Event "fics rated crazyhouse match"]
[Site "fics, Oklahoma City, OK USA"]
[Date "2000.01.21"]
[White "Igy"]
[WhiteElo "2192"]
[Black "Gobi"]
[BlackElo "2335"]
[TimeControl "60+0"]
[Result "1-0"]

1. e4 Nf6 2. e5 Nd5 3. Nc3 Nxc3 4. dxc3 Nc6 5. Nf3 e6 6. Bg5 
f6 7. exf6 gxf6 8. Bxf6 Qxf6 9. P@g5 Qf4 10. N@f6+ Kd8 11. g3 Qf5 
12. Bd3 N@g2+ 13. Kd2 Qa5 14. Rg1 B@h3 15. Kc1 P@a3 16. bxa3 Bxa3+ 17. P@b2 
Qxc3 18. Rb1 Bxb2+ 19. Rxb2 P@a3 20. Rb3 P@b2+ 21. Kb1 Qxb3 22. cxb3 R@c1+ 
23. Qxc1 bxc1=Q+ 24. Kxc1 Q@b2+ 25. Kd1 Rf8 26. P@e7+ Nxe7 27. R@e8+ Rxe8 28. Q@c2 
{Gobi forfeits on time} 1-0

[Event "fics rated crazyhouse match"]
[Site "fics, Oklahoma City, OK USA"]
[Date "2000.01.21"]
[White "Gobi"]
[WhiteElo "2324"]
[Black "Igy"]
[BlackElo "2203"]
[TimeControl "60+0"]
[Result "1-0"]

1. e4 e6 2. d4 Nc6 3. Nf3 Nf6 4. Bg5 h6 5. Bxf6 Qxf6 6. e5 
Qd8 7. Nc3 d6 8. Ne4 dxe5 9. dxe5 B@d5 10. Bd3 P@f5 11. Ned2 Bc5 
12. N@f4 Bxf3 13. Nxf3 Bd7 14. Nh5 Rg8 15. P@h7 Rh8 16. Nxg7+ Kf8 17. B@f6 
Be7 18. Nxf5 Bxf6 19. exf6 Qxf6 20. P@g7+ Qxg7 21. Nxg7 B@f6 22. B@c3 P@d4 
23. Bb5 dxc3 24. Qxd7 P@d2+ 25. Ke2 N@d4+ 26. Nxd4 Nxd4+ 27. Kf1 Kxg7 28. N@h5+ 
Kxh7 29. Nxf6+ Kg7 30. Nh5+ Kh7 31. Q@g7# 
{Igy checkmated} 1-0

[Event "fics rated crazyhouse match"]
[Site "fics, Oklahoma City, OK USA"]
[Date "2000.01.21"]
[White "Igy"]
[WhiteElo "2198"]
[Black "Gobi"]
[BlackElo "2329"]
[TimeControl "60+0"]
[Result "1-0"]

1. e4 Nc6 2. Nc3 Nf6 3. Nf3 e6 4. Bb5 Bb4 5. O-O O-O 6. e5 
Ng4 7. h3 Ngxe5 8. Nxe5 Nxe5 9. d4 Ng6 10. Ne4 d5 11. Ng3 N@f4 
12. N@e5 P@h4 13. Nh5 Nxh5 14. Qxh5 Bd6 15. Bd3 Bxe5 16. dxe5 N@f5 17. N@g5 
N@h6 18. Nxh7 Kxh7 19. Bxf5 exf5 20. Bxh6 gxh6 21. N@f6+ Kg7 22. P@g5 N@e2+ 
23. Qxe2 hxg5 24. N@h5+ Kh6 25. B@g7# 
{Gobi checkmated} 1-0

[Event "fics rated crazyhouse match"]
[Site "fics, Oklahoma City, OK USA"]
[Date "2000.01.21"]
[White "Gobi"]
[WhiteElo "2318"]
[Black "Igy"]
[BlackElo "2209"]
[TimeControl "60+0"]
[Result "0-1"]

1. e4 e6 2. d4 Nc6 3. Nf3 Nf6 4. Bg5 Be7 5. Nc3 d5 6. Bxf6 
Bxf6 7. exd5 exd5 8. P@e5 Bg5 9. Bb5 B@e4 10. N@h5 Rg8 11. h3 Bd7 
12. Bxc6 bxc6 13. Nxg5 Qxg5 14. Nxe4 dxe4 15. N@f6+ gxf6 16. Nxf6+ Kd8 17. Nxg8 
Qxg8 18. P@e7+ Kc8 19. R@d8+ Kb7 20. Rxg8 Rxg8 21. Qe2 B@b5 22. Qxe4 N@b4 
23. B@c5 P@d5 24. Qe3 Nxc2+ 25. Kd2 Nxe3 26. P@d3 R@c2+ 27. Kxe3 Q@e2+ 28. Kf4 
Qxf2+ 29. N@f3 N@e6+ 30. Kf5 N@g7+ 31. Kf6 N@e8+ 32. Kxf7 Ng5+ 33. Kxg8 N7e6 
34. R@d8 Nf7 
{Gobi forfeits on time} 0-1

[Event "fics rated crazyhouse match"]
[Site "fics, Oklahoma City, OK USA"]
[Date "2000.01.21"]
[White "Igy"]
[WhiteElo "2219"]
[Black "venomous"]
[BlackElo "2445"]
[TimeControl "60+0"]
[Result "0-1"]

1. e4 e6 2. Nc3 Nc6 3. Nf3 Nf6 4. Bb5 Bb4 5. Bxc6 dxc6 6. e5 
Bxc3 7. bxc3 Ng4 8. O-O B@d5 9. d3 Bxf3 10. Qxf3 Nxe5 11. Qg3 N@e2+ 
12. Kh1 Nxg3+ 13. hxg3 P@e2 14. Re1 Q@f1+ 15. Rxf1 exf1=Q+ 16. B@g1 R@h5+ 17. B@h3 
N@g4 18. N@f4 Nxf2+ 19. Kh2 Neg4# 
{Igy checkmated} 0-1

[Event "fics rated crazyhouse match"]
[Site "fics, Oklahoma City, OK USA"]
[Date "2000.01.21"]
[White "venomous"]
[WhiteElo "2449"]
[Black "Igy"]
[BlackElo "2216"]
[TimeControl "60+0"]
[Result "1-0"]

1. e4 e6 2. d4 Nc6 3. Be3 Nf6 4. Bd3 d5 5. e5 Ne4 6. Nh3 
Bb4+ 7. c3 Be7 8. O-O Bd7 9. Qc2 Ng5 10. Bxg5 Bxg5 11. N@h5 B@f8 
12. Nd2 a6 13. Nf3 Bh6 14. Rae1 Qe7 15. Bxh7 O-O-O 16. P@f6 gxf6 17. exf6 
Qe8 18. P@g7 Bhxg7 19. fxg7 Bxg7 20. Nxg7 Qf8 21. B@h6 Qd6 22. B@e5 Nxe5 
23. dxe5 Qb6 24. N@e7+ Kb8 25. Nh5 P@e4 26. Nfg5 P@d3 27. Qd2 P@e2 28. Rxe2 
dxe2 29. Qxe2 B@d3 30. Qd1 Bxf1 31. Qxf1 R@d3 32. P@g7 R@d1 33. B@e1 Rxh7 
34. Nxh7 B@d2 35. Bhxd2 R3xd2 36. R@f8 B@d3 37. Rxd8+ Bc8 38. Rxc8+ Ka7 39. R@a8# 
{Igy checkmated} 1-0

[Event "fics rated crazyhouse match"]
[Site "fics, Oklahoma City, OK USA"]
[Date "2000.01.21"]
[White "Igy"]
[WhiteElo "2213"]
[Black "venomous"]
[BlackElo "2452"]
[TimeControl "60+0"]
[Result "0-1"]

1. e4 e6 2. Nf3 Nc6 3. Nc3 Nf6 4. Bb5 Bb4 5. O-O Bxc3 6. dxc3 
Nxe4 7. Re1 d5 8. Bxc6+ bxc6 9. B@h4 B@e7 10. Bxe7 Qxe7 11. B@h4 P@f6 
12. N@e5 B@d7 13. Ng4 N@f5 14. Bg3 Nexg3 15. hxg3 B@e4 16. Nd4 Nxd4 17. cxd4 
N@f5 18. N@c5 h5 19. Nh2 Rb8 20. Nxe4 dxe4 21. Rxe4 Nd6 22. Rh4 Ba6 
23. Rxh5 Rxh5 24. Qxh5 R@e1+ 25. B@f1 Bxf1 26. Nxf1 B@e2 27. R@h8+ N@f8 28. Qxe2 
Rxe2 29. B@h5 Rxf2 30. Kxf2 Ne4+ 31. Kg1 P@f2+ 32. Kh2 Q@g1+ 33. Kh3 e5+ 
34. P@g4 Qxf1 35. Bh6 N@g1+ 36. Kh2 Nf3+ 37. gxf3 Qxa1 38. R@h1 Qxh1+ 39. Kxh1 
f1=Q+ 40. B@g1 Nf2+ 41. Kh2 R@h3# 
{Igy checkmated} 0-1

[Event "fics rated crazyhouse match"]
[Site "fics, Oklahoma City, OK USA"]
[Date "2000.01.21"]
[White "venomous"]
[WhiteElo "2455"]
[Black "Igy"]
[BlackElo "2210"]
[TimeControl "60+0"]
[Result "1-0"]

1. e4 e6 2. d4 Nc6 3. Be3 Nf6 4. Bd3 d5 5. e5 Ne4 6. Nh3 
Bb4+ 7. c3 Be7 8. O-O Bd7 9. Qc2 Ng5 10. Bxg5 Bxg5 11. N@h5 Bh6 
12. Nd2 B@g4 13. N3f4 Qh4 14. Nxg7+ Bxg7 15. P@g3 Qe7 16. f3 O-O-O 17. fxg4 
Nxe5 18. dxe5 Bxe5 19. B@f2 P@b6 20. N@f3 Bxf4 21. gxf4 P@c4 22. Bxc4 dxc4 
23. Nxc4 Bb5 24. B@e2 N@c5 25. Bxc5 Qxc5+ 26. P@d4 Qxc4 27. Bxc4 Bxc4 28. Q@a8+ 
B@b8 29. N@e7+ Kd7 30. Qxb7 B@e3+ 31. P@f2 B@d3 32. Qc6+ Kxe7 33. P@f6+ Kxf6 
34. g5+ Ke7 35. fxe3 Bxc2 36. B@f6+ Kf8 37. Qxc4 N@h3+ 38. gxh3 Rg8 39. B@h6+ 
Ke8 40. N@g7+ Rxg7 41. Qc6# 
{Igy forfeits on time} 1-0

[Event "fics rated crazyhouse match"]
[Site "fics, Oklahoma City, OK USA"]
[Date "2000.01.21"]
[White "BEO"]
[WhiteElo "2195"]
[Black "Britt"]
[BlackElo "2231"]
[TimeControl "180+0"]
[Result "1-0"]

1. e4 e6 2. d4 d5 3. e5 Nc6 4. Nh3 Nge7 5. Be2 Nf5 6. c3 
Be7 7. O-O Bd7 8. Nd2 O-O 9. Nf3 a6 10. Nf4 Nh4 11. Nh5 Nxf3+ 
12. Bxf3 N@f5 13. Bg4 f6 14. exf6 Bxf6 15. Nxf6+ Qxf6 16. N@h5 Qf7 17. Bxf5 
Qxf5 18. B@g4 Qg6 19. N@f4 Qf7 20. Nxg7 Qxg7 21. Nh5 Qg6 22. P@g7 Rf7 
23. P@h6 P@f5 24. Be2 B@h3 25. Nf4 Qf6 26. Nxh3 N@h4 27. B@g5 Qg6 28. Bxh4 
N@h5 29. Bxh5 Qf6 
{Britt resigns} 1-0

[Event "fics rated crazyhouse match"]
[Site "fics, Oklahoma City, OK USA"]
[Date "2000.01.21"]
[White "Leech"]
[WhiteElo "2273"]
[Black "TeemuTH"]
[BlackElo "2148"]
[TimeControl "180+0"]
[Result "1-0"]

1. e4 e6 2. d4 d5 3. Nc3 Nc6 4. Bb5 dxe4 5. Nxe4 Bd7 6. Nf3 
Be7 7. O-O Nf6 8. Neg5 O-O 9. Be3 a6 10. Bd3 h6 11. Nxf7 Rxf7 
12. Bg6 Rf8 13. Ne5 P@f7 14. Bxf7+ Rxf7 15. Nxf7 Kxf7 16. P@g5 Ne4 17. gxh6 
gxh6 18. Bxh6 Bf6 19. P@e5 Bh8 20. P@f6 Qg8 21. Qh5+ B@g6 22. Qd1 N@h4 
23. P@g7 Bf5 24. R@g4 Bxg4 25. Qxg4 P@f3 26. B@h5+ N@g6 27. Qxh4 Qh7 28. N@g5+ 
Ke8 29. Nxh7 Kd8 30. Bxg6 Kc8 31. g8=Q+ R@d8 32. Qxd8+ Nxd8 33. P@g7 Bxg7 
34. fxg7 fxg2 35. g8=Q gxf1=Q+ 36. Rxf1 Kb8 37. Qhxd8+ Ka7 38. Qxa8+ Kb6 39. B@c5+ 
Nxc5 40. dxc5+ Kxc5 41. N@d3+ Kd4 42. Q@c5# 
{TeemuTH checkmated} 1-0

[Event "fics rated crazyhouse match"]
[Site "fics, Oklahoma City, OK USA"]
[Date "2000.01.21"]
[White "TeemuTH"]
[WhiteElo "2143"]
[Black "Leech"]
[BlackElo "2278"]
[TimeControl "180+0"]
[Result "0-1"]

1. e4 e6 2. d4 d5 3. e5 Ne7 4. Bg5 h6 5. Bh4 Qd7 6. Bxe7 
Bxe7 7. Nf3 Nc6 8. N@h5 Rh7 9. Bb5 a6 10. Bxc6 bxc6 11. Nc3 Rb8 
12. Rb1 B@g4 13. Nxg7+ Rxg7 14. P@f6 Rg6 15. fxe7 Qxe7 16. N@f6+ Kf8 17. Nh7+ 
Kg8 18. Nf6+ Kf8 19. Nxg4 Rxg4 20. B@f6 Qd7 21. Qd2 B@f4 22. B@g7+ Kg8 
23. Qd3 N@b4 24. Qe2 Rxg2 25. Nh4 Rxg7 26. Bxg7 Kxg7 27. Rg1+ P@g5 28. Qg4 
P@g6 29. R@f6 Nxc2+ 30. Ke2 Nxd4+ 31. Kf1 B@d3+ 32. Kg2 P@f5 33. Qd1 Bxb1 
34. Qxb1 P@g4 35. Nxf5+ exf5 36. P@e3 Bxe5 37. exd4 Bxf6 38. B@e5 N@h4+ 39. Kf1 
B@c4+ 40. Ke1 N@f3+ 41. Kd1 R@d2+ 42. Kc1 R@d1+ 43. Nxd1 Rxd1+ 44. Rxd1 N@e2+ 
45. Kc2 P@d3+ 46. Rxd3 Bxd3+ 47. Kxd3 Bxe5 48. Kc2 Nexd4# 
{TeemuTH forfeits on time} 0-1

[Event "fics rated crazyhouse match"]
[Site "fics, Oklahoma City, OK USA"]
[Date "2000.01.21"]
[White "Leech"]
[WhiteElo "2283"]
[Black "TeemuTH"]
[BlackElo "2138"]
[TimeControl "180+0"]
[Result "0-1"]

1. e4 e6 2. d4 d5 3. Nc3 Nc6 4. Bb5 dxe4 5. Nxe4 Bd7 6. Nf3 
Be7 7. O-O Nf6 8. Neg5 O-O 9. Qd3 h6 10. Ne4 Nxe4 11. Qxe4 N@f6 
12. Qe3 P@g4 13. Nd2 Nxd4 14. Bxd7 Qxd7 15. N@e5 Qd5 16. c4 Qd8 17. B@d3 
Bc5 18. Qg3 B@d6 19. P@g6 Bxe5 20. Qxe5 P@h3 21. gxf7+ Rxf7 22. B@g6 hxg2 
23. Bxf7+ Kxf7 24. P@g6+ Kg8 25. Kxg2 B@h3+ 26. Kg3 Nh5+ 27. Qxh5 N@e2+ 28. Bxe2 
Nxe2# 
{Leech checkmated} 0-1

[Event "fics rated crazyhouse match"]
[Site "fics, Oklahoma City, OK USA"]
[Date "2000.01.21"]
[White "TeemuTH"]
[WhiteElo "2149"]
[Black "Leech"]
[BlackElo "2272"]
[TimeControl "180+0"]
[Result "0-1"]

1. e4 e6 2. d4 Nf6 3. Bg5 Be7 4. Nc3 d5 5. Bxf6 Bxf6 6. exd5 
exd5 7. Nf3 Nc6 8. P@e5 Bg5 9. Nxg5 Qxg5 10. Nxd5 P@d2+ 11. Qxd2 Qxd2+ 
12. Kxd2 N@e4+ 13. Ke3 Q@d2+ 14. Kxe4 B@g6+ 15. Kf3 Nxd4+ 16. Kg3 Nf5+ 17. Kf3 
Qxd5+ 18. B@e4 N@d4+ 19. Kf4 P@g5+ 20. Kxg5 Qxe4 21. f4 h6+ 22. Kg4 h5+ 
23. Kh3 B@g4# 
{TeemuTH checkmated} 0-1

[Event "fics rated crazyhouse match"]
[Site "fics, Oklahoma City, OK USA"]
[Date "2000.01.21"]
[White "Leech"]
[WhiteElo "2277"]
[Black "TeemuTH"]
[BlackElo "2144"]
[TimeControl "180+0"]
[Result "1-0"]

1. e4 e6 2. d4 d5 3. exd5 exd5 4. Nf3 Nf6 5. Bg5 Be7 6. Nc3 
Nc6 7. Bb5 Bg4 8. h3 Bxf3 9. Qxf3 P@e4 10. Qe2 h6 11. Bxf6 Bxf6 
12. B@e5 O-O 13. Bxc6 bxc6 14. Bxf6 Qxf6 15. B@e5 Qg5 16. Bxg7 Qxg7 17. N@h5 
Qxg2 18. N@f6+ Kh8 19. P@g7+ Qxg7 20. Nxg7 B@g6 21. Nf5 P@g7 22. Qh5 N@f3+ 
23. Kd1 P@h7 24. Qxh6 Bxf5 25. Qxg7+ Kxg7 26. Nh5+ Kg6 27. Q@f6+ Kxh5 28. P@g4+ 
Bxg4 29. hxg4+ Kxg4 30. B@h5# 
{TeemuTH checkmated} 1-0

[Event "fics rated crazyhouse match"]
[Site "fics, Oklahoma City, OK USA"]
[Date "2000.01.21"]
[White "TeemuTH"]
[WhiteElo "2139"]
[Black "Leech"]
[BlackElo "2282"]
[TimeControl "180+0"]
[Result "0-1"]

1. e4 e6 2. d4 Nf6 3. Bg5 Be7 4. Nc3 d5 5. exd5 Nxd5 6. Bxe7 
Qxe7 7. Nxd5 exd5+ 8. P@e5 B@a5+ 9. c3 Bf5 10. B@d3 P@e4 11. Bb5+ Nc6 
12. Bxc6+ bxc6 13. N@e3 Bg6 14. N@f4 Rb8 15. Nxg6 hxg6 16. B@a3 Bxc3+ 17. bxc3 
Qxa3 18. B@b4 Rxb4 19. cxb4 Qxb4+ 20. Qd2 B@c3 21. Nf3 exf3 22. R@b8+ Qxb8 
23. Qxc3 B@b4 24. Rc1 Bxc3+ 25. Rxc3 Q@a1+ 26. Nd1 P@d2+ 27. Kxd2 N@e4+ 28. Ke3 
Qxd1 29. Rd3 B@g5+ 30. P@f4 N@c4# 
{TeemuTH checkmated} 0-1

[Event "fics rated crazyhouse match"]
[Site "fics, Oklahoma City, OK USA"]
[Date "2000.01.21"]
[White "Leech"]
[WhiteElo "2287"]
[Black "TeemuTH"]
[BlackElo "2134"]
[TimeControl "180+0"]
[Result "1-0"]

1. e4 e6 2. d4 d5 3. Nc3 Nc6 4. exd5 exd5 5. Nf3 Nf6 6. Bb5 
Bg4 7. h3 Bh5 8. P@g4 Bg6 9. Ne5 P@d7 10. Bxc6 dxc6 11. O-O Bd6 
12. Bf4 O-O 13. Re1 Bxe5 14. Bxe5 N@e4 15. Nxe4 dxe4 16. Bxf6 Qxf6 17. B@e5 
Qd8 18. Bxg7 Kxg7 19. N@f5+ Bxf5 20. N@h5+ Kg8 21. N@h6+ Kh8 22. P@g7# 
{TeemuTH checkmated} 1-0

[Event "fics rated crazyhouse match"]
[Site "fics, Oklahoma City, OK USA"]
[Date "2000.01.21"]
[White "TeemuTH"]
[WhiteElo "2129"]
[Black "Leech"]
[BlackElo "2292"]
[TimeControl "180+0"]
[Result "1-0"]

1. e4 e6 2. d4 Nf6 3. Bg5 Be7 4. Nc3 d5 5. Bxf6 Bxf6 6. Nf3 
Nc6 7. Bb5 O-O 8. Bxc6 bxc6 9. N@h5 B@h6 10. Nxf6+ gxf6 11. e5 B@g7 
12. exf6 Bxf6 13. P@e5 Bfg7 14. N@h5 f6 15. B@b4 N@f4 16. Nxf4 Bxf4 17. Bxf8 
Qxf8 18. exf6 Bxf6 19. P@e5 Bg7 20. R@g4 B@h5 21. N@f6+ Qxf6 22. exf6 Bxg4 
23. fxg7 Kxg7 24. B@e5+ Bxe5 25. dxe5 P@e7 26. B@h6+ Kf7 27. Q@f8+ Kg6 28. Qg7+ 
Kf5 29. Qg5# 
{Leech checkmated} 1-0

[Event "fics rated crazyhouse match"]
[Site "fics, Oklahoma City, OK USA"]
[Date "2000.01.21"]
[White "Leech"]
[WhiteElo "2281"]
[Black "TeemuTH"]
[BlackElo "2140"]
[TimeControl "180+0"]
[Result "1-0"]

1. e4 e6 2. d4 d5 3. exd5 exd5 4. Nf3 Nf6 5. Nc3 Nc6 6. Bb5 
Bg4 7. h3 Bh5 8. P@g4 Nxg4 9. hxg4 Bxg4 10. N@e5 Qe7 11. O-O Bxf3 
12. Qxf3 P@d7 13. Bxc6 bxc6 14. N@f5 Qe6 15. B@g4 P@e4 16. Nxg7+ Bxg7 17. Bxe6 
exf3 18. Bxd7+ Kd8 19. Nxf7+ Kxd7 20. P@e6+ Kxe6 21. Ng5+ Kd7 22. Q@e6+ Kd8 
23. Nf7# 
{TeemuTH checkmated} 1-0

[Event "fics rated crazyhouse match"]
[Site "fics, Oklahoma City, OK USA"]
[Date "2000.01.21"]
[White "LINDEGREN"]
[WhiteElo "2277"]
[Black "venomous"]
[BlackElo "2458"]
[TimeControl "120+0"]
[Result "0-1"]

1. e4 e6 2. Nc3 Nc6 3. Nf3 Nf6 4. d4 Bb4 5. Bd3 d5 6. exd5 
Nxd5 7. Bd2 P@a3 8. Nxd5 Bxd2+ 9. Qxd2 axb2 10. Qe3 bxa1=Q+ 11. B@d1 Qxd5 
12. O-O Nxd4 13. N@f4 Nxf3+ 14. Bxf3 Qxf1+ 15. Bxf1 Qd8 16. N@h5 B@d4 17. Qe1 
P@g5 18. P@e5 N@f5 19. P@h6 gxf4 20. Nxg7+ Nxg7 21. hxg7 Rg8 22. N@f6+ Qxf6 
23. exf6 Bxf6 24. Q@h8 Rxh8 25. gxh8=Q+ Bxh8 26. R@g8+ R@f8 27. Rxf8+ Kxf8 28. R@d8+ 
N@e8 29. Qb4+ P@d6 30. Qxf4 R@f5 31. Qh6+ P@g7 32. Qxh7 N@g6 33. P@h5 Q@g5 
34. P@g3 P@e2 35. B1xe2 R@e1+ 36. Bf1 N@d2 37. Be2 Nxf1 38. h4 Nxg3+ 39. Kh2 
Rh1# 
{LINDEGREN checkmated} 0-1

[Event "fics rated crazyhouse match"]
[Site "fics, Oklahoma City, OK USA"]
[Date "2000.01.21"]
[White "TeemuTH"]
[WhiteElo "2135"]
[Black "Leech"]
[BlackElo "2286"]
[TimeControl "180+0"]
[Result "0-1"]

1. e4 e6 2. d4 Nf6 3. Bg5 Be7 4. Nc3 Nc6 5. Nf3 d5 6. Bxf6 
Bxf6 7. e5 Be7 8. N@h5 Rg8 9. Bb5 Bd7 10. Bxc6 Bxc6 11. O-O B@g4 
12. Nf4 Bxf3 13. Qxf3 B@e4 14. Nxe4 dxe4 15. Qh5 Qxd4 16. Nxe6 Qd7 17. Qxh7 
Qxe6 18. Qxg8+ N@f8 19. N@d4 Qxe5 20. Nxc6 bxc6 21. P@d7+ Kxd7 22. Rad1+ P@d5 
23. Qxf7 P@e2 24. B@g4+ N@e6 25. Bxe2 N@f4 26. B@g4 P@f3 27. Bexf3 exf3 28. Bxf3 
N@g5 29. Qxe7+ Kxe7 30. B@a3+ B@d6 31. Rfe1 Ne2+ 32. Rxe2 Q@h1+ 33. Kxh1 Qxh2# 
{TeemuTH checkmated} 0-1

[Event "fics rated crazyhouse match"]
[Site "fics, Oklahoma City, OK USA"]
[Date "2000.01.21"]
[White "venomous"]
[WhiteElo "2462"]
[Black "LINDEGREN"]
[BlackElo "2273"]
[TimeControl "120+0"]
[Result "1-0"]

1. e4 Nf6 2. Nc3 e6 3. Nf3 d5 4. exd5 Nxd5 5. Nxd5 exd5 6. Bb5+ 
Nc6 7. O-O Bd6 8. P@e5 Be7 9. N@h5 Rg8 10. d3 Bg4 11. Nf4 P@e6 
12. h3 Bxf3 13. Qxf3 N@d4 14. Bxc6+ bxc6 15. Qd1 B@h6 16. B@c3 Bxf4 17. Bxd4 
Bxc1 18. Rxc1 N@f4 19. B@g3 N@e2+ 20. Kh2 B@h6 21. N@g4 Nxd4 22. Nxh6 gxh6 
23. Bxf4 B@g5 24. B@g3 N@f5 25. N@h5 Bxf4 26. Bxf4 B@h8 27. B@g4 Rb8 28. c3 
Nb5 29. Bxf5 exf5 30. Bxh6 B@g5 31. N@g7+ Kd7 32. e6+ fxe6 33. N@e5+ Kc8 
34. Nxe6 Bxe5+ 35. f4 Bgxf4+ 36. Bxf4 Bxf4+ 37. Rxf4 B@d6 38. Nxd8 Bxf4+ 39. P@g3 
Rxd8 40. B@e6+ P@d7 41. Nxf4 N@f2 42. Qf3 P@g4 43. hxg4 Nxg4+ 44. Qxg4 fxg4 
45. Bxg4 N@f2 46. B@h3 Nxg4+ 47. Bxg4 R@f2 48. B@h3 
{LINDEGREN forfeits on time} 1-0

[Event "fics rated crazyhouse match"]
[Site "fics, Oklahoma City, OK USA"]
[Date "2000.01.21"]
[White "LINDEGREN"]
[WhiteElo "2269"]
[Black "venomous"]
[BlackElo "2466"]
[TimeControl "120+0"]
[Result "1-0"]

1. e4 e6 2. Nf3 Nc6 3. d4 Nf6 4. Nc3 Bb4 5. Bd3 d5 6. exd5 
Nxd5 7. Bd2 P@a3 8. Nxd5 Bxd2+ 9. Qxd2 axb2 10. Rd1 exd5 11. Qe3+ P@e4 
12. N@h5 N@f5 13. Nxg7+ Nxg7 14. Bxe4 dxe4 15. Qxe4+ N@e6 16. P@h6 B@a5+ 17. P@d2 
Nh5 18. B@g5 B@e7 19. Bxe7 Qxe7 20. B@g7 Nexg7 21. Qxe7+ Nxe7 22. hxg7 Q@e4+ 
23. P@e3 Rg8 24. N@g3 Qg6 25. Nxh5 B@f6 26. Nxf6+ Qxf6 27. B@e5 Qg6 28. N@f6+ 
Qxf6 29. Bxf6 N@d5 30. Q@h6 Nxf6 31. Q@f8+ Kd7 32. Qxf6 N@d5 33. Ne5# 
{venomous checkmated} 1-0

[Event "fics rated crazyhouse match"]
[Site "fics, Oklahoma City, OK USA"]
[Date "2000.01.21"]
[White "Leech"]
[WhiteElo "2291"]
[Black "TeemuTH"]
[BlackElo "2130"]
[TimeControl "180+0"]
[Result "0-1"]

1. e4 e6 2. d4 d5 3. e5 Nc6 4. Bb5 Ne7 5. Bg5 Bd7 6. Nh3 
Qc8 7. Nf4 Nf5 8. Nh5 Ncxd4 9. Bxd7+ Qxd7 10. O-O B@e2 11. Qxd4 Bxh5 
12. Qd2 P@f3 13. gxf3 Bxf3 14. P@g2 N@e2+ 15. Kh1 Bxg2+ 16. Kxg2 P@g4 17. f3 
P@h3+ 18. Kf2 gxf3 19. Kxf3 Ned4+ 20. Kf2 Bc5 21. B@e3 h6 22. P@g4 Nxe3 
23. Bxe3 B@g5 24. Bxg5 Nb3+ 25. Be3 Nxd2 26. Nxd2 Bxe3+ 27. Kxe3 d4+ 28. Ke2 
Q@e3+ 29. Kd1 P@e2+ 30. Kc1 exf1=Q+ 31. B@d1 Qxd1+ 32. Kxd1 R@e1# 
{Leech checkmated} 0-1

[Event "fics rated crazyhouse match"]
[Site "fics, Oklahoma City, OK USA"]
[Date "2000.01.21"]
[White "venomous"]
[WhiteElo "2454"]
[Black "LINDEGREN"]
[BlackElo "2281"]
[TimeControl "120+0"]
[Result "1-0"]

1. e4 Nf6 2. Nc3 Nc6 3. Nf3 e6 4. d4 Bb4 5. Bd3 d5 6. exd5 
Nxd5 7. Bd2 Qe7 8. O-O Bxc3 9. bxc3 N@f4 10. B@g5 P@e2 11. Bxe2 Nxe2+ 
12. Qxe2 f6 13. Bh4 B@h5 14. P@e4 Nb6 15. P@e5 O-O 16. N@f4 Bxf3 17. Qxf3 
N@g5 18. Qg4 Nxe4 19. exf6 Nxf6 20. Bxf6 Rxf6 21. B@g5 B@f5 22. Bxf6 Bxg4 
23. Bxe7 Q@f7 24. R@f8+ Qxf8 25. Bxf8 Kxf8 26. Q@h8+ B@g8 27. P@f6 R@f7 28. N@g6+ 
hxg6 29. Nxg6+ Ke8 30. Qxg8+ N@f8 31. fxg7 
{LINDEGREN resigns} 1-0

[Event "fics rated crazyhouse match"]
[Site "fics, Oklahoma City, OK USA"]
[Date "2000.01.21"]
[White "TeemuTH"]
[WhiteElo "2141"]
[Black "Leech"]
[BlackElo "2280"]
[TimeControl "180+0"]
[Result "1-0"]

1. e4 e6 2. d4 Nf6 3. Bg5 Be7 4. Nc3 d5 5. Bxf6 Bxf6 6. Nf3 
dxe4 7. Nxe4 Nc6 8. Nxf6+ Qxf6 9. B@g5 Qg6 10. N@h4 Qe4+ 11. Be2 N@f4 
12. Bxf4 Qxf4 13. N@h5 Qh6 14. Ne5 Nxe5 15. dxe5 P@d2+ 16. Kf1 B@f5 17. Nxg7+ 
Qxg7 18. P@f6 Qg5 19. N@g7+ Kd7 20. Nf3 Qxg2+ 21. Kxg2 N@f4+ 22. Kg3 N@h5+ 
23. Nxh5 Nxh5+ 24. Kh4 N@g2+ 25. Kxh5 P@g6+ 26. Kh6 B@f8+ 27. P@g7 Nf4 28. Qxd2+ 
Nd5 29. gxf8=N+ Rxf8 
{Leech forfeits on time} 1-0

[Event "fics rated crazyhouse match"]
[Site "fics, Oklahoma City, OK USA"]
[Date "2000.01.21"]
[White "venomous"]
[WhiteElo "2446"]
[Black "LINDEGREN"]
[BlackElo "2289"]
[TimeControl "120+0"]
[Result "1-0"]

1. e4 Nf6 2. Nc3 e6 3. Nf3 d5 4. exd5 Nxd5 5. d4 Nc6 6. Bd2 
Bb4 7. Nxd5 Bxd2+ 8. Qxd2 exd5 9. N@h5 Qe7+ 10. P@e5 f6 11. Be2 N@e4 
12. Qf4 B@h6 13. Qh4 P@e3 14. fxe3 Bxe3 15. B@g3 P@f2+ 16. Kf1 g6 17. P@g7 
Rg8 18. Bb5 gxh5 19. Qxh5+ Kd8 20. Qxh7 Nxg3+ 21. hxg3 Re8 22. N@g6 Nxd4 
23. Nxe7 Nxf3 24. Nc6+ bxc6 25. P@e7+ Rxe7 26. g8=Q+ B@e8 27. Qxe7+ Kxe7 28. exf6+ 
Kxf6 29. Q@g7# 
{LINDEGREN resigns} 1-0